 Dungeon Crawl Stone Soup version 0.21.1-1-g345015f (console) character file.

210 erker the Insei (level 5, 0/33 HPs)
             Began as an Octopode Transmuter on May 9, 2018.
             Slain by an orc
             ... wielding a +0 flail
              (5 damage)
             ... on level 3 of the Dungeon.
             The game lasted 00:08:24 (3184 turns).

erker the Insei (Octopode Transmuter)               Turns: 3184, Time: 00:08:24

Health: 0/33       AC:  3    Str: 14    XL:     5   Next: 88%
Magic:  0/17       EV: 14    Int: 17    God:
Gold:   135        SH:  0    Dex: 12    Spells: 5/8 levels left

rFire    . . .     SeeInvis .     - Unarmed
rCold    . . .     Gourm    .   (no shield)
rNeg     . . .     Faith    .   (helmet restricted)
rPois    .         Spirit   +   n - amulet of guardian spirit
rElec    .         Reflect  .   l - ring of magical power
rCorr    .         Harm     .   (no ring)
MR       .....                  (no ring)
Stlth    +++.......             (no ring)
HPRegen  0.11/turn              (no ring)
MPRegen  0.15/turn              (no ring)
                                (no ring)
                                (no ring)

@: mighty, appendage (expiring), very slightly contaminated, hasted, very quick
A: almost no armour, stealthy swim, amphibious, 8 rings, constrict 8, antennae
1, tentacle spike 3, molten scales 1, camouflage 1, gelatinous body 1
a: End Transformation


You were on level 3 of the Dungeon.
You were not hungry.
One of your tentacles had a temporary spike.
You visited 1 branch of the dungeon, and saw 3 of its levels.

You collected 135 gold pieces.

Inventory:

Missiles
 a - 59 arrows
 f - 18 poisoned needles
Jewellery
 l - a ring of magical power (left tentacle)
 n - an amulet of guardian spirit (around mantle)
 t - an uncursed ring of wizardry {unknown}
Scrolls
 d - 6 scrolls of identify {unknown}
 e - a scroll of amnesia {unknown}
 g - 4 scrolls of teleportation {unknown}
 h - a scroll of enchant weapon {unknown}
 i - 2 scrolls of fog {unknown}
 o - a scroll of random uselessness {unknown}
 p - a scroll of magic mapping {unknown}
 q - a scroll of remove curse {unknown}
 r - a scroll of enchant armour {unknown}
Potions
 m - 2 potions of haste
Books
 b - a book of Changes

   Spells                             Type                      Level
   a - Beastly Appendage              Transmutation                1
   b - Sticks to Snakes               Transmutation                2
   c - Spider Form                    Transmutation/Poison         3
   d - Ice Form                       Ice/Transmutation            4
   e - Blade Hands                    Transmutation                5
Comestibles
 c - 8 rations


   Skills:
 + Level 1.2 Fighting
 + Level 2.8 Dodging
 + Level 3.1 Stealth
 - Level 4.3 Unarmed Combat
 + Level 2.4 Spellcasting
 * Level 3.2 Transmutations


You had 5 spell levels left.
You knew the following spells:

 Your Spells              Type           Power        Failure   Level  Hunger
a - Beastly Appendage     Tmut           ##....       4%          1    #......
t - Sticks to Snakes      Tmut           ##......     8%          2    ##.....


Dungeon Overview and Level Annotations

Branches:
Dungeon (3/15)

Altars:
Ashenzari


Innate Abilities, Weirdness & Mutations

You cannot wear most types of armour.
You are very stealthy in the water. (Stealth+)
You are amphibious.
You can wear up to eight rings at the same time.
You can use your tentacles to constrict eight enemies at once.
Your skin changes colour to match your surroundings (Stealth+).
Your rubbery body absorbs attacks. (AC +1, EV +1)
You have a pair of small antennae on your head.
One of your tentacles bears a large vicious spike.
You are partially covered in molten scales. (AC +2)


Message History

Unknown command.
Unknown command.
It was a potion of haste.
You feel yourself speed up. The quokka closely misses you.
It was a potion of mutation.
You feel extremely strange. A pair of antennae grows on your head!
Molten scales grow over part of your body.
Your transformation is almost over.
The orc priest begins to cast a cantrip, but forgets the words!
The quokka bites you.
* * * LOW HITPOINT WARNING * * *
Your ball python barely misses the quokka.
Your ball python misses the quokka.
It was a potion of might.
You feel very mighty all of a sudden. The quokka barely misses you.
You tentacle-slap the quokka. You grab the quokka.
You kill the quokka!
The orc hits you with a flail!
You die...

#.........#.......
#.........#.......
####.........#.......
.....[........##.####
#...........#.#
#.........#.#.# #
.######.........#.#.#
#
...!$.S.#########.#.#
# #######@# .#.# #
#o# ...# # #o# #.## #
.o. ... #### .....
.... ..... ........
....... .........
.........


You could see an orc priest, 2 orcs and a friendly ball python.

Vanquished Creatures
  2 orc priests
  Natasha (thrice) (D:2)
  An adder (D:2)
  2 worms (D:2)
  3 dart slugs
  2 orcs (D:2)
  3 giant cockroaches
  7 goblins
  4 hobgoblins
  2 quokkas (D:3)
  3 ball pythons
  2 bats (D:2)
  6 frilled lizards
  A giant cockroach zombie (D:3)
  9 kobolds
  6 rats
  A bush (D:1)
  A plant (D:1)
58 creatures vanquished.

Vanquished Creatures (collateral kills)
  2 orcs (D:2)
2 creatures vanquished.

Grand Total: 60 creatures vanquished

Notes
Turn   | Place    | Note
-------+----------+-------------------------------------------
     0 | D:1      | erker the Octopode Transmuter began the quest for the Orb.
     0 | D:1      | Reached XP level 1. HP: 13/13 MP: 3/3
   395 | D:1      | Reached XP level 2. HP: 18/18 MP: 5/5
   399 | D:1      | Learned a level 2 spell: Sticks to Snakes
   759 | D:1      | Reached XP level 3. HP: 15/23 MP: 6/6
  1524 | D:2      | Noticed Natasha
  1533 | D:2      | Killed Natasha
  1533 | D:2      | Reached skill level 1 in Stealth
  1837 | D:2      | Found a faded altar of an unknown god.
  1847 | D:2      | Reached XP level 4. HP: 24/28 MP: 7/7
  2129 | D:2      | Noticed Natasha
  2144 | D:2      | Killed Natasha
  2144 | D:2      | Reached skill level 4 in Unarmed Combat
  2253 | D:2      | Found a shattered altar of Ashenzari.
  2279 | D:2      | Reached XP level 5. HP: 5/33 MP: 4/8
  2709 | D:2      | Noticed Natasha
  2785 | D:2      | Killed Natasha
  3001 | D:3      | Found a shattered altar of Ashenzari.
  3181 | D:3      | Gained mutation: You have a pair of small antennae on your head. [potion of mutation]
  3181 | D:3      | Gained mutation: You are partially covered in molten scales. (AC +2) [potion of mutation]
  3184 | D:3      | Slain by an orc

Skill      XL: |  1  2  3  4  5 |
---------------+----------------+-----
Stealth        | 1 2 3 |  3.1
Unarmed Combat | 4 |  4.3
Transmutations | 3 |  3.2
Fighting       | |  1.2
Dodging        | |  2.8
Spellcasting   | |  2.4

Action                   |  1- 3 |  4- 6 || total
-------------------------+-------+-------++-------
Melee: Unarmed           |   219 |    72 ||   291
       Constrict         |    22 |    19 ||    41
       Tentacles         |    51 |    14 ||    65
       Kick              |     4 |     2 ||     6
       Punch             |     6 |       ||     6
 Cast: Beastly Appendage |     3 |     3 ||     6
       Sticks to Snakes  |     1 |     4 ||     5
  Use: Potion            |       |     3 ||     3
 Stab: Sleeping          |     5 |     5 ||    10
  Eat: Ration            |     1 |       ||     1
       Chunk             |       |     5 ||     5
Armor: Skin              |     2 |     5 ||     7
Dodge: Dodged            |    28 |    48 ||    76
